 Dungeon Crawl Stone Soup version 0.29.1-15-g9cfb28693d (webtiles) character file.

Game seed: 8531194558828005759

2468 Jase the Cleaver (level 9, 0/75 HPs)
             Began as a Hill Orc Fighter on Apr 24, 2023.
             Was a Believer of Uskayaw.
             Slain by a wolf (3 damage)
             ... led by Grum
             ... on level 8 of the Dungeon.
             The game lasted 00:19:51 (5728 turns).

Jase the Cleaver (Hill Orc Fighter)                 Turns: 5728, Time: 00:19:52

Health: 0/75       AC: 12    Str: 23    XL:     9   Next: 51%
Magic:  5/12       EV: 11    Int:  8    God:    Uskayaw [**....]
Gold:   308        SH:  0    Dex: 10    Spells: 8/8 levels left

rFire   + . .      SeeInvis .   a - +0 war axe
rCold   . . .      Faith    .   (no shield)
rNeg    . . .      Spirit   .   G - +2 acid dragon scales
rPois   .          Reflect  .   c - +0 helmet
rElec   .          Harm     .   (no cloak)
rCorr   +          Rampage  .   g - +0 pair of gloves
Will    +....                   (no boots)
Stlth   +.........              m - amulet of regeneration
HPRegen 1.02/turn               y - ring of protection from fire
MPRegen 0.13/turn               K - ring of willpower

@: no status effects
A: no striking features
a: Renounce Religion, Stomp, Line Pass


You were on level 8 of the Dungeon.
You worshipped Uskayaw.
Uskayaw was noncommittal.
You visited 2 branches of the dungeon, and saw 9 of its levels.

You collected 308 gold pieces.

Inventory:

Hand Weapons
 a - a +0 war axe (weapon)
 b - a +0 hand axe of flaming
Missiles
 e - 73 stones (quivered)
 s - 33 poisoned darts
 J - 8 boomerangs
 M - 5 atropa-tipped darts
Armour
 c - a +0 helmet (worn)
 g - a +0 pair of gloves (worn)
 G - +2 acid dragon scales (worn)
Jewellery
 m - an amulet of regeneration (around neck)
 n - a ring of positive energy
 y - a ring of protection from fire (left hand)
 K - a ring of willpower (right hand)
 O - a ring of resist corrosion
Wands
 t - a wand of paralysis (5)
 B - a wand of digging (6)
 E - a wand of polymorph (8)
 F - a wand of roots (17)
Scrolls
 h - 2 scrolls of noise {unknown}
 i - a scroll of magic mapping {unknown}
 l - 3 scrolls of teleportation {unknown}
 o - a scroll of acquirement {unknown}
 p - a scroll of enchant armour {unknown}
 q - a scroll of vulnerability {unknown}
 u - 4 scrolls of identify {unknown}
 v - 2 scrolls of amnesia {unknown}
 C - a scroll of poison {unknown}
 H - 2 scrolls of butterflies {unknown}
 I - a scroll of blinking {unknown}
 L - a scroll of brand weapon {unknown}
 N - a scroll of summoning {unknown}
Potions
 d - 3 potions of might
 f - a potion of heal wounds {unknown}
 j - a potion of resistance {unknown}
 k - 2 potions of mutation {unknown}
 r - 2 potions of curing {unknown}
 w - 3 potions of lignification {unknown}
 x - a potion of flight {unknown}
 z - 4 potions of ambrosia {unknown}
 A - 2 potions of brilliance {unknown}
 D - 2 potions of berserk rage {unknown}


   Skills:
 + Level 6.1 Fighting
 * Level 12.2 Axes
 + Level 7.8 Armour
 - Level 3.2 Shields
 + Level 4.5 Invocations


You had 8 spell levels left.
You didn't know any spells.
Your spell library contained the following spells:

 Spells                   Type           Power      Damage    Failure   Level
 Poisonous Vapours        Pois/Air       0%         N/A       61%         2
 Corpse Rot               Necr/Pois/Air  0%         N/A       99%         4
 Fulminant Prism          Conj/Hex       0%         3d6       99%         4
 Iskenderun's Mystic Bla  Conj/Tloc      0%         2d3       99%         4
 Lee's Rapid Deconstruct  Erth           0%         3d5*      100%        5


Dungeon Overview and Level Annotations

Branches:
Dungeon (8/15)             Temple (1/1) D:6
   Lair: D:8-11

Altars:
Ashenzari
Cheibriados
Dithmenos
Elyvilon
Fedhas
Gozag
Hepliaklqana
Kikubaaqudgha
Makhleb
Nemelex Xobeh
Okawaru
Ru
Sif Muna
Trog
Uskayaw
Vehumet
Xom
Yredelemnul
Zin
The Shining One


Message History

Unknown command.
You barely miss Grum.
Grum is severely wounded.
You closely miss the wolf. The wolf bites you!
* * * LOW HITPOINT WARNING * * *
Grum barely misses you. The grasping roots constrict you.
Unknown command.
Aiming: Line Pass
Press: ? - help, Dir - move target Grum appears confused.
The roots lose their grip on you. The wolf barely misses you.
Grum hits you with a +0 spear.
* * * LOW HITPOINT WARNING * * *
The wolf bites you but does no damage.
Unknown command.
You catch the helpless Grum completely off-guard!
You hit Grum.
Grum is severely wounded.
You closely miss the wolf. The wolf bites you but does no damage.
Grum hits you with a +0 spear.
* * * LOW HITPOINT WARNING * * *
Unknown command.
You slash Grum!
Grum is almost dead.
You closely miss the wolf.
Grum seems less confused.
The wolf closely misses you. Grum hits you with a +0 spear!
* * * LOW HITPOINT WARNING * * *
The wolf bites you but does no damage.
Unknown command.
Okay, then.
You slash Grum!
You kill Grum!
You closely miss the wolf. The wolf closely misses you.
Your Fighting skill increases to level 6!
You barely miss the wolf.
The wolf is almost dead.
You closely miss the wolf. The wolf bites you but does no damage.
The wolf bites you.
* * * LOW HITPOINT WARNING * * *
The wolf bites you.
You die...

#.........########..
##..>...............
#....######.########
#.##......#.........
#.##....#.##########
#.##....# #.#.....+
#.#.....# #.#@.=..#
#.hh....+ ###.....#
#....## ####.# ...
.... ....# ...#


You could see 2 wolves.

Vanquished Creatures
  Maggie (D:6)
  Grum (D:8)
  A steam dragon (D:7)
  An acid dragon (D:8)
  Duvessa (D:7)
  A black bear (D:8)
  3 ice beasts
  A sky beast (D:7)
  A centaur (D:6)
  2 ogres
  Blork the orc (D:5)
  A kobold brigand (D:7)
  2 bullfrogs
  A scorpion (D:6)
  A gnoll sergeant (D:6)
  Dowan (D:7)
  A jelly (D:5)
  A gnoll bouda (D:7)
  3 orc priests
  2 hounds
  2 orc wizards
  Terence (D:2)
  6 adders
  14 gnolls
  2 shadow imps
  An ufetubus (D:4)
  A worm (D:5)
  4 dart slugs
  11 orcs
  7 ball pythons
  10 endoplasms
  2 goblins
  2 hobgoblins (D:2)
  6 jackals
  9 kobolds
  4 quokkas
  6 bats
  2 frilled lizards (D:1)
  5 rats
122 creatures vanquished.

Notes
Turn   | Place    | Note
-------+----------+-------------------------------------------
     0 | D:1      | Jase the Hill Orc Fighter began the quest for the Orb.
     0 | D:1      | Reached XP level 1. HP: 19/19 MP: 1/1
    38 | D:1      | Found a faded altar of an unknown god.
   127 | D:1      | Reached skill level 3 in Axes
   166 | D:1      | Reached XP level 2. HP: 26/26 MP: 2/2
   358 | D:1      | Reached skill level 4 in Axes
   509 | D:1      | Reached XP level 3. HP: 20/31 MP: 3/3
   813 | D:2      | Noticed Terence
   828 | D:2      | Killed Terence
   829 | D:2      | Reached XP level 4. HP: 38/39 MP: 4/4
   885 | D:2      | Reached skill level 5 in Axes
  2167 | D:4      | Reached XP level 5. HP: 45/45 MP: 5/5
  2248 | D:4      | Reached skill level 6 in Axes
  2732 | D:5      | Entered Level 5 of the Dungeon
  2940 | D:5      | Found a basalt altar of Yredelemnul.
  2940 | D:5      | Noticed Blork the orc
  2952 | D:5      | Killed Blork the orc
  2953 | D:5      | Reached skill level 7 in Axes
  2953 | D:5      | Reached skill level 5 in Armour
  2953 | D:5      | Reached XP level 6. HP: 43/51 MP: 6/6
  3019 | D:5      | Found a radiant altar of Vehumet.
  3586 | D:6      | Reached skill level 8 in Axes
  3586 | D:6      | Reached XP level 7. HP: 57/57 MP: 7/7
  3756 | D:6      | HP: 2/57 [ogre/+0 giant club (12)]
  3949 | D:6      | Noticed Maggie
  3960 | D:6      | Killed Maggie
  3961 | D:6      | Reached skill level 9 in Axes
  3961 | D:6      | Reached XP level 8. HP: 64/64 MP: 8/8
  4020 | D:6      | Reached skill level 10 in Axes
  4189 | D:6      | Found a staircase to the Ecumenical Temple.
  4267 | Temple   | Entered the Ecumenical Temple
  4267 | Temple   | Found a transporter.
  4267 | Temple   | Found a transporter.
  4269 | Temple   | Found a transporter.
  4269 | Temple   | Found a transporter.
  4312 | Temple   | Became a worshipper of Uskayaw the Reveller
  4449 | D:6      | Reached * piety under Uskayaw
  4545 | D:7      | Noticed Duvessa
  4557 | D:7      | Noticed Dowan
  4560 | D:7      | Reached ** piety under Uskayaw
  4567 | D:7      | Reached *** piety under Uskayaw
  4568 | D:7      | Killed Dowan
  4569 | D:7      | Reached skill level 1 in Invocations
  4572 | D:7      | Killed Duvessa
  4642 | D:7      | Reached skill level 5 in Fighting
  4642 | D:7      | Reached skill level 11 in Axes
  4915 | D:7      | Found a shimmering altar of Xom.
  4964 | D:7      | Reached XP level 9. HP: 67/74 MP: 11/11
  4970 | D:7      | Reached **** piety under Uskayaw
  5627 | D:8      | Reached skill level 12 in Axes
  5702 | D:8      | Noticed Grum
  5726 | D:8      | HP: 2/75 [Grum/+0 spear (12)]
  5727 | D:8      | Killed Grum
  5728 | D:8      | Slain by a wolf

Illustrated notes

Levels and vault maps discovered:
D:1:      minmay_arrival_glassed_features, layout_basic,
          shapermc_ecumenical_altar_venn
D:2:      layout_basic, small_statue_intersection, uniq_terence
D:3:      layout_basic
D:4:      layout_basic
D:5:      layout_loops_ring, mainiacjoe_overflow_alcove_2,
          yredelemnul_altar_generic, minmay_crystal_room, uniq_blork_the_orc
D:6:      layout_basic, minmay_temple_entry_glassed_door, uniq_maggie
D:7:      layout_gridville, mainiacjoe_overflow_concentric_impassable,
          uniq_duvessa
D:8:      layout_basic, kennysheep_generic_room_6, uniq_grum
Temple:   hellmonk_temple_divided_pantheon

Skill      XL: |  1  2  3  4  5  6  7  8  9 |
---------------+----------------------------+-----
Axes           | 3 4 5 7 8 9 11 12 | 12.2
Armour         | 4 5 6 7 |  7.8
Fighting       | 5 6 |  6.1
Invocations    | 3 4 |  4.5
Shields        | |  3.2

Action                   |  1- 3 |  4- 6 |  7- 9 || total
-------------------------+-------+-------+-------++-------
Melee: War axe           |    74 |   146 |   208 ||   428
       Punch             |     1 |     3 |     4 ||     8
Throw: Stone             |       |       |     2 ||     2
Invok: Line Pass         |       |       |     2 ||     2
Evoke: Wand              |       |       |     1 ||     1
 Stab: Paralysed         |       |       |    16 ||    16
       Confused          |       |       |     2 ||     2
Armor: Scale mail        |    65 |    57 |       ||   122
       Chain mail        |       |    16 |    12 ||    28
       Acid dragon scale |       |       |    83 ||    83
Dodge: Dodged            |    52 |    84 |    97 ||   233
